cohdb
Replays
Latest Replays
All Replays
Popular Replays
Top Player Replays
Match Explorer
How It Works
Community
CoH3 Stats
Reddit
Sign in to upload your games and track your stats! →
Sign in with Steam
Match 42515113
Unlisted
Match 42515113
Overview
Messages
Build Orders
End
Engineer Squad
Construct Barracks
Selects Armored Battlegroup
Selects Veteran Crews
1⁄4-ton 4x4 Truck
Riflemen Squad
Riflemen Squad
Infantry Support Center
M1 Mortar Team
Infantry Support Center
Grenade Package
Selects Fast Deploy
Construct Motor Pool
M8 Greyhound Armored Car
Onoyk
Enoche
Cpt. Scout
Empty_Can
0
0
Comments
sign in to comment!
No comments posted yet!